 Dungeon Crawl Stone Soup version 0.30.1-4-g462c640d31 (webtiles) character file.

Game seed: 6911937856828558116

1281 Gabide the Shooter (level 8, -1/67 HPs)
             Began as a Demigod Hunter on Sept 5, 2023.
             Slain by an ice beast (11 damage)
             ... on level 6 of the Dungeon.
             The game lasted 00:07:06 (4787 turns).

Gabide the Shooter (Demigod Hunter)                 Turns: 4787, Time: 00:07:07

Health: -1/67      AC:  3    Str: 12    XL:     8   Next: 8%
Magic:  10/10      EV: 15    Int: 11    God:
Gold:   322        SH:  0    Dex: 25    Spells: 7/7 levels left

rFire   . . .        a - +5 longbow (flame)
rCold   . . .        (shield currently unavailable)
rNeg    . . .        c - +0 leather armour
rPois   .            (no helmet)
rElec   .            (no cloak)
rCorr   .            (no gloves)
SInv    .            (no boots)
Will    .....        (no amulet)
Stlth   ++           (no ring)
HPRegen 0.31/turn    (no ring)
MPRegen 0.12/turn

%: no passive effects
@: about to teleport
A: high MP 1, forlorn, divine attributes
a: no special abilities


You were on level 6 of the Dungeon.
You visited 2 branches of the dungeon, and saw 7 of its levels.

You collected 322 gold pieces.

Inventory:

Hand Weapons
 a - a +5 longbow of flaming (weapon)
Missiles
 j - 2 throwing nets
Armour
 c - a +0 leather armour (worn)
Jewellery
 g - a ring of fire
Scrolls
 k - 3 scrolls of immolation
Potions
 b - a potion of heal wounds
 e - a potion of cancellation
 f - a potion of curing
 h - a potion of magic
 i - a potion of ambrosia
 l - a potion of resistance {unknown}
 o - a potion of degeneration {unknown}


   Skills:
 + Level 4.5 Fighting
 * Level 7.8 Ranged Weapons
 + Level 4.6 Dodging
 - Level 1.0 Stealth


You had 7 spell levels left.
You didn't know any spells.
Your spell library contained the following spells:

 Spells                   Type           Power      Damage    Failure   Level
 Volatile Blastmotes      Fire/Tloc      0%         2d10      80%         3
 Fulminant Prism          Conj/Hex       0%         3d5       99%         4
 Iskenderun's Mystic Bla  Conj/Tloc      0%         2d3       99%         4
 Lee's Rapid Deconstruct  Erth           0%         3d4*      100%        5


Dungeon Overview and Level Annotations

Branches:
Dungeon (6/15)             Temple (1/1) D:5

Shops:
D:1 (   D:4 :

Annotations:
D:6 timpak's ghost, novice OpTm


Innate Abilities, Weirdness & Mutations

You have an increased reservoir of magic. (+10% MP)
You shall have no god before yourself.
Your divine heritage dramatically boosts your attributes as you level up.


Message History

The magic dart hits you.
You have reached level 8!
You shoot an arrow. The hound barks!
The arrow hits the bullfrog!
The arrow burns the bullfrog.
The bullfrog is heavily wounded.
The orc wizard points at you and mumbles some strange words.
The puff of flame hits you!
You shoot an arrow. The iguana hisses angrily.
The arrow hits the bullfrog!!
The arrow burns the bullfrog.
You kill the bullfrog!
The orc wizard points at you and mumbles some strange words.
The magic dart hits you.
An orc comes into view. It is wielding a +0 falchion.
You shoot an arrow. The arrow barely misses the ice beast.
You shoot an arrow. The arrow hits the ice beast.
The arrow melts the ice beast.
The ice beast is moderately wounded.
The ice beast barely misses you.
You shoot an arrow. The arrow hits the ice beast.
The arrow melts the ice beast.
The ice beast is severely wounded.
The ice beast hits you. The ice beast freezes you!
An orc wizard comes into view. It is wielding a +0 dagger.
The orc hits you with a +0 hand axe! The ice beast hits you.
The ice beast freezes you!
* * * LOW HITPOINT WARNING * * *
As you read the scroll of teleportation, it crumbles to dust.
You feel strangely unstable.
The orc wizard gestures at you while chanting.
The puff of flame hits you.
* * * LOW HITPOINT WARNING * * *
The orc wizard gestures wildly while chanting.
The orc wizard flickers and vanishes!
Deactivating autopickup; reactivate with Ctrl-A.
The ice beast hits you.
* * * LOW HITPOINT WARNING * * *
The ice beast freezes you!
You die...

#........
......... . .
.{ ....... .
.#. .# .######
#. !....# .
##l...$ ##.
#.#..##..
#8g.#.#
8#..###.#oo..
#..#.
W#........$###
l#......oo...#
#@...#
$#.....Y.....#
.#...........#
8#...........#
##.............
#....#.........
)....#.........
...#.#.........


You could see an ice beast, an iguana, 2 orc wizards, timpak's ghost and 2 orcs.

Vanquished Creatures
  Menkaure (D:6)
  2 ogres
  A phantom (D:5)
  A kobold brigand (D:6)
  2 bullfrogs
  2 scorpions (D:5)
  A howler monkey (D:6)
  2 orc priests (D:3)
  2 jellies (D:5)
  A hound (D:5)
  2 iguanas
  An orc wizard (D:4)
  9 gnolls
  8 adders
  A shadow imp (D:5)
  2 ufetubi
  4 worms
  4 dart slugs
  14 orcs
  8 endoplasms
  2 giant cockroaches
  10 goblins
  7 hobgoblins
  18 jackals
  3 quokkas
  8 ball pythons
  4 bats
  4 frilled lizards
  17 kobolds
  2 rats
143 creatures vanquished.

Notes
Turn   | Place    | Note
-------+----------+-------------------------------------------
     0 | D:1      | Gabide the Demigod Hunter began the quest for the Orb.
     0 | D:1      | Reached XP level 1. HP: 17/17 MP: 3/3
    80 | D:1      | Reached skill level 1 in Stealth
   185 | D:1      | Reached XP level 2. HP: 24/24 MP: 4/4
   392 | D:1      | You fall into a shaft and drop 1 floor!
   579 | D:1      | Found Laziaj's Weapon Emporium.
   825 | D:2      | Reached skill level 4 in Ranged Weapons
   825 | D:2      | Reached XP level 3. HP: 23/30 MP: 5/5
  1318 | D:2      | Reached XP level 4. HP: 37/37 MP: 6/6
  1993 | D:3      | Reached XP level 5. HP: 30/45 MP: 7/7
  2006 | D:3      | Reached skill level 5 in Ranged Weapons
  2867 | D:4      | Noticed an ogre
  3235 | D:4      | HP: 1/45 [orc wizard/puff of flame (10)]
  3411 | D:3      | Reached skill level 6 in Ranged Weapons
  3411 | D:3      | Reached XP level 6. HP: 30/51 MP: 8/8
  3753 | D:4      | Identified a scroll of acquirement
  3753 | D:4      | Acquired a +4 longbow of flaming
  3774 | D:4      | Found Ocwiwoq's Book Shop.
  3888 | D:5      | Entered Level 5 of the Dungeon
  3912 | D:5      | Found a staircase to the Ecumenical Temple.
  3923 | Temple   | Entered the Ecumenical Temple
  4205 | D:5      | Reached XP level 7. HP: 57/57 MP: 9/9
  4226 | D:5      | Reached skill level 7 in Ranged Weapons
  4753 | D:6      | Noticed Menkaure
  4758 | D:6      | Killed Menkaure
  4779 | D:6      | Noticed timpak's ghost (novice OpTm)
  4782 | D:6      | Reached XP level 8. HP: 62/67 MP: 10/10
  4787 | D:6      | Slain by an ice beast

Illustrated notes

Levels and vault maps discovered:
D:1:      ncdulo_lavacross, layout_basic, serial_shops,
          nicolae_shop_bloodbath_and_beyond,
          nicolae_concentric_dashed_squares_mild
D:2:      minmay_chambers_of_twos, layout_basic
D:3:      layout_loops_ring, basic_ecumenical_altar, chequers_garden,
          kennysheep_minor_cross, st_stairs_13, grunt_decor_arrowhead,
          grunt_ministairs_13, kennysheep_generic_room_8
D:4:      layout_basic, serial_shops, nicolae_shop_statue_plus,
          lightli_corner_chamber
D:5:      layout_rooms, minmay_temple_entry_statues_fountains,
          minmay_ruined_shrine
D:6:      layout_basic, serial_aquarium, aquarium_bridge_square
          [aquarium_subvault_window, aquarium_subvault_balcony,
          aquarium_subvault_bridge, aquarium_subvault_bridge],
          aquarium_window_corridor_3, aquarium_window_fake, aquarium_window_2,
          aquarium_window_corner, aquarium_view_2e, gammafunk_ghost_arena,
          uniq_menkaure
Temple:   oiseaux_autumnal_temple

Skill      XL: |  1  2  3  4  5  6  7 |
---------------+----------------------+-----
Stealth        | 1 |  1.0
Fighting       | 2 3 4 |  4.5
Dodging        | 2 3 4 |  4.6
Ranged Weapons | 4 6 7 |  7.8

Action                     |  1- 3 |  4- 6 |  7- 9 || total
---------------------------+-------+-------+-------++-------
   Fire: Shortbow          |   113 |   204 |       ||   317
         Longbow           |       |    18 |    43 ||    61
    Use: Scroll            |       |    12 |     2 ||    14
         Potion            |       |     4 |       ||     4
 Armour: Leather armour    |     7 |    28 |     3 ||    38
  Dodge: Dodged            |    26 |   127 |    20 ||   173
